Get step-by-step instructions on how to execute this build order below. Start the game timer, and the build order will tick by so you can play in parallel with StarCraft on a second screen or mobile device.

Game Time

  0:00

Last Step

  N/A

Next Step

Upcoming Step



Don't want to look back and forth between 2 screens? Try out our Overwolf App, the Spawning Tool Build Advisor to get an in-game overlay with this build!

Complete Build Order

  12  0:00  Drone x3  
  14  0:10  Drone x3  
  15  0:15  Drone  
  15  0:16  Drone  
  15  0:17  Drone  
  15  0:25  Drone x3, Spawning Pool  
  19  0:30  Extractor  
  19  0:42  Drone  
  22  0:44  Drone x2  
  22  0:45  Drone  
  22  0:49  Hatchery, Zerg Missile Weapons Level 1  
  21  0:52  Extractor  
  21  0:54  Drone  
  21  0:56  Drone  
  24  1:06  Hatchery  
  25  1:15  Roach Warren  
  24  1:26  Drone x2, Lair  
  24  1:27  Zerg Ground Armor Level 1  
  24  1:32  Evolution Chamber  
  23  1:33  Metabolic Boost  
  23  1:35  Drone  
  23  1:36  Drone x5  
  25  1:40  Drone  
  25  1:48  Extractor  
  25  1:51  Extractor  
  30  1:55  Roach  
  30  1:56  Roach x2  
  30  1:58  Drone  
  30  1:59  Drone, Overlord x2  
  30  2:01  Drone  
  30  2:02  Overlord  
  32  2:14  Drone x4  
  32  2:15  Drone x2  
  39  2:17  Drone, Pneumatized Carapace  
  39  2:18  Drone x2  
  39  2:21  Drone x2  
  39  2:22  Drone  
  39  2:27  Roach  
  39  2:28  Roach x5  
  39  2:29  Roach x2  
  47  2:31  Hatchery, Zerg Missile Weapons Level 2  
  47  2:36  Glial Reconstitution  
  50  2:39  Roach x2  
  50  2:40  Roach x4  
  66  2:52  Spire  
  77  2:59  Overlord  
  77  3:01  Overlord  
  77  3:02  Overlord  
  77  3:03  Overlord  
  77  3:04  Drone x2  
  77  3:05  Overlord  
  77  3:07  Roach x9  
  77  3:08  Roach x3  
  77  3:16  Roach  
  77  3:17  Zerg Ground Armor Level 2, Roach x3  
  77  3:19  Hydralisk Den  
  102  3:30  Roach x5  
  102  3:31  Roach x5  
  102  3:33  Roach  
  110  3:34  Roach x2  
  110  3:35  Roach  
  110  3:37  Hatchery  
  110  3:39  Hydralisk  
  110  3:40  Roach x2  
  110  3:41  Roach x3  
  111  4:02  Roach x3  
  99  4:03  Roach x4  
  99  4:04  Roach  
  99  4:08  Drone, Overlord  
  99  4:10  Infestation Pit  
  99  4:11  Overlord  
  99  4:14  Roach x7  
  99  4:15  Roach  
  115  4:26  Drone x2  
  115  4:31  Zerg Flyer Weapons Level 1  
  133  4:46  Hatchery  
  133  4:52  Roach x6  
  126  4:53  Roach x3  
  116  5:00  Roach  
  116  5:01  Roach x19  
  116  5:02  Roach x2  
  118  5:08  Roach x3  
  118  5:11  Drone x6  
  118  5:12  Drone  
  143  5:34  Mutalisk x8  
  143  5:35  Mutalisk x4, Extractor  
  123  5:37  Mutalisk, Extractor  
  123  5:38  Mutalisk  
  111  5:44  Drone x2  
  111  5:45  Drone x2  
  111  5:46  Drone  
  111  5:47  Drone, Extractor  
  111  5:49  Hive  
  110  5:50  Drone x5  
  110  5:51  Drone, Extractor  
  110  5:52  Drone  
  110  5:54  Drone  
  140  5:58  Drone x3  
  140  6:01  Drone x2  
  140  6:02  Drone  
  140  6:04  Mutalisk x9  
  150  6:05  Drone  
  150  6:09  Roach  
  158  6:19  Hydralisk x4  
  158  6:20  Hydralisk x10  
  158  6:21  Hydralisk  
  172  6:26  Hydralisk x4  
  164  6:41  Hydralisk  
  164  6:42  Hydralisk x11  
  145  7:06  Spire  
  143  7:15  Lair  
  134  7:20  Hydralisk  
  134  7:21  Hydralisk x7  
  132  7:40  Muscular Augments  
  146  7:51  Drone  
  146  7:52  Drone x18  
  146  7:53  Drone x5, Hatchery  
  146  7:57  Hydralisk x2  
  146  7:58  Hydralisk x2  
  145  7:59  Roach  
  145  8:00  Roach x11  
  145  8:04  Mutalisk x10  
  169  8:10  Zerg Flyer Armor Level 1  
  183  8:17  Hydralisk  
  183  8:18  Hydralisk x12  
  221  8:32  Roach x5  
  221  8:33  Roach x10, Zerg Flyer Weapons Level 2  
  221  8:34  Roach  
  195  8:38  Mutalisk  
  195  8:39  Mutalisk x8  
  195  8:40  Mutalisk  
  165  9:00  Drone x6  
  165  9:01  Drone x3  
  167  9:03  Drone x2  
  167  9:07  Mutalisk x5  
  167  9:08  Mutalisk  
  158  9:19  Mutalisk  
  158  9:20  Mutalisk x19  
  158  9:21  Mutalisk  
  166  9:29  Hive, Roach x8  
  166  9:30  Roach x3  
  206  9:43  Mutalisk x4  
  214  9:48  Mutalisk  
  214  9:49  Mutalisk x5  
  202  9:56  Mutalisk x3  
  202  9:59  Roach  
  198  10:02  Mutalisk  
  198  10:03  Mutalisk x2  
  184  10:19  Mutalisk x4  
  184  10:20  Roach  
  184  10:21  Roach x8  
  160  10:29  Drone x2  
  160  10:33  Roach x2  
  160  10:34  Roach x5  
  172  10:39  Mutalisk x9, Extractor  
  172  10:42  Mutalisk  
  161  10:45  Mutalisk  
  163  10:58  Hatchery  
  156  11:05  Hydralisk x13  
  156  11:06  Drone x3, Hydralisk x7  
  142  11:12  Overlord  
  142  11:13  Overlord, Roach  
  142  11:14  Overlord, Roach x9, Hydralisk x2  
  142  11:15  Hydralisk, Roach x2  
  142  11:16  Roach  
  142  11:18  Extractor  
  132  11:22  Zergling x2, Roach x5  
  132  11:23  Roach x5  
  172  11:29  Mutalisk x5  
  170  11:34  Mutalisk  
  170  11:35  Mutalisk x2  
  171  11:40  Mutalisk  
  171  11:41  Mutalisk  
  171  11:45  Hydralisk  
  171  11:46  Hydralisk x6  
  133  12:01  Mutalisk x6  
  120  12:02  Mutalisk x2